Little Stars vs Senators
Created - 29 décembre 2016 at 19:01
Goals
|
| Little Stars |
0 |
0 |
1 |
1 |
| Senators |
0 |
2 |
2 |
4 |
|
Shots
|
| Little Stars |
10 |
11 |
8 |
29 |
| Senators |
13 |
11 |
14 |
38 |
|
1st period
No Goal
Penalties :
Jaden Schwartz (BIN) for Roughing (Minor) at 14:23, Tom Kuhnhackl (Tex) for Tripping (Minor) at 17:09
2nd period
1. Senators , Andy Hilbert 6 (Arturs Kulda, Mark Olver) at 9:16
2. Senators , Sergei Kostitsyn 19 (Stanislav Chistov) at 14:41
Penalties :
Matt Frattin (BIN) for Holding (Minor) at 3:18, Stanislav Chistov (BIN) for Goalie Interference (Minor) at 14:52, Mark Olver (BIN) for Holding (Minor) at 15:29
3rd period
3. Senators , Jaden Schwartz 10 (Josh Hennessy) at 2:36
4. Senators , Jaden Schwartz 11 (Josh Hennessy, Milan Jurcina) at 2:49
5. Little Stars , Sean Avery 18 (Dana Tyrell, Hugh Jessiman) at 8:09
Penalties :
Stanislav Chistov (BIN) for Roughing (Minor) at 0:17, Sean Avery (Tex) for Hooking (Minor) at 2:56, Scott Harrington (Tex) for Holding (Minor) at 9:15, Ty Rattie (Tex) for Interference (Minor) at 15:58
Goalie Stats
Peter Budaj (Tex), 34 saves from 38 shots - (0,895), L, 6-5-0, 60:00 minutes
Marc Denis (BIN), 28 saves from 29 shots - (0,966), W, 5-6-1, 60:00 minutes
Players Stats for Little Stars
Player Name G A P +/- PIM S H SB GA TA FO MP PP MP PK MP
------------------------------------------------------------------------------------
Alexander Vasyunov 0 0 0 0 0 0 0 0 0 0 0/0 0:17 0:10 0:07
Andrej Nestrasil 0 0 0 0 0 0 0 0 0 0 5/9 14:45 3:50 0:19
Conor Allen 0 0 0 -1 0 0 0 0 0 0 0/0 6:13 0:00 0:00
Dana Tyrell 0 1 1 -1 0 1 4 0 0 1 12/33 19:46 4:43 0:00
Danny DeKeiser 0 0 0 0 0 0 0 1 0 1 0/0 8:40 1:29 0:43
Hugh Jessiman 0 1 1 -1 0 4 1 1 1 0 0/2 21:26 4:43 1:40
Jared Spurgeon 0 0 0 -1 0 3 2 3 0 2 0/0 18:57 3:19 3:41
Jesse Joensuu 0 0 0 -1 0 5 2 1 1 0 1/1 12:56 0:00 1:40
Jonathan Huberdeau 0 0 0 0 0 0 0 0 0 0 0/0 1:34 0:00 1:32
Justin Faulk 0 0 0 0 0 0 0 0 0 2 0/0 11:00 0:00 1:50
Marcus Johansson 0 0 0 0 0 2 3 2 1 0 0/1 18:43 3:50 4:10
Michael Mersch 0 0 0 0 0 0 0 0 0 0 0/1 2:09 0:00 2:09
Niklas Hjalmarsson 0 0 0 -1 0 1 1 3 0 0 0/0 25:40 5:14 4:15
Oscar Lindberg 0 0 0 -1 0 0 2 0 0 0 1/4 6:27 0:00 0:00
Petter Granberg 0 0 0 0 0 0 2 0 0 0 0/0 10:41 0:00 1:08
Raphael Diaz 0 0 0 -1 0 5 2 1 0 1 0/0 25:40 5:14 4:15
Robert Klinkhammer 0 0 0 -1 0 2 0 1 0 0 0/0 6:27 0:00 0:00
Scott Harrington 0 0 0 -1 2 0 0 0 0 0 0/0 6:57 1:50 0:00
Sean Avery 1 0 1 -1 2 2 4 0 0 2 4/6 22:56 4:33 3:12
T.J. Tynan 0 0 0 -1 0 0 1 0 0 0 3/4 12:21 0:00 1:03
Tom Kuhnhackl 0 0 0 -1 2 3 0 0 0 0 0/0 11:15 0:00 0:00
Ty Rattie 0 0 0 -1 2 0 0 0 0 0 0/0 6:33 0:00 0:00
Tyler Randell 0 0 0 0 0 1 1 1 0 0 0/0 14:24 3:50 0:00
Tyler Wotherspoon 0 0 0 -1 0 0 1 0 0 1 0/0 6:13 0:00 0:00
Players Stats for Senators
Player Name G A P +/- PIM S H SB GA TA FO MP PP MP PK MP
------------------------------------------------------------------------------------
Andy Hilbert 1 0 1 0 0 1 1 1 0 0 0/0 15:26 3:34 3:58
Arturs Kulda 0 1 1 1 0 0 0 1 1 0 0/0 20:59 3:26 3:43
Cody Hodgson 0 0 0 1 0 3 0 0 1 0 21/40 20:27 4:05 2:15
Gabriel Bourque 0 0 0 0 0 4 0 0 0 0 0/0 12:02 0:17 1:13
Jack Skille 0 0 0 2 0 1 2 1 0 1 0/0 14:22 3:34 0:00
Jaden Schwartz 2 0 2 2 2 3 0 0 1 0 1/1 12:32 0:41 0:00
Josh Hennessy 0 2 2 2 0 1 2 0 1 0 4/8 14:22 3:34 0:00
Logan Stephenson 0 0 0 1 0 3 1 0 1 0 0/0 28:23 4:30 4:50
Marc-André Bernier 0 0 0 0 0 0 0 0 0 0 0/0 8:10 0:17 0:00
Mark Olver 0 1 1 0 2 1 0 0 1 0 0/1 9:40 0:00 1:36
Martin Marincin 0 0 0 1 0 0 1 0 0 0 0/0 10:38 0:00 0:00
Matt Frattin 0 0 0 0 2 3 0 0 0 0 0/0 9:37 0:00 0:00
Milan Jurcina 0 1 1 1 0 3 1 3 1 0 0/0 28:23 4:30 4:50
Nick Bjugstad 0 0 0 0 0 4 1 0 0 0 3/3 10:03 0:00 0:30
Patrick Wey 0 0 0 1 0 0 1 1 0 0 0/0 10:38 0:00 0:00
Sergei Kostitsyn 1 0 1 1 0 6 2 2 0 1 5/7 23:25 3:41 4:45
Shane Sims 0 0 0 1 0 2 0 1 1 1 0/0 20:59 3:26 3:43
Stanislav Chistov 0 1 1 1 4 3 3 1 2 0 1/1 19:54 4:05 1:26
3 Stars
1 - Jaden Schwartz (BIN)
2 - Marc Denis (BIN)
3 - Josh Hennessy (BIN)
Power Play
Little Stars - 0 on 5 Attempt(s) - 0,00%
Senators - 0 on 4 Attempt(s) - 0,00%
Penalty Kill
Little Stars - 4 on 4 Attempt(s) - 100,00%
- Score 0 goal in Penalty Kill
Senators - 5 on 5 Attempt(s) - 100,00%
- Score 0 goal in Penalty Kill
Team Stat
Little Stars - Hits : 26 - Faceoff Wins : 26 - Blocked Shots : 14 - Penalty Minutes : 8
Senators - Hits : 15 - Faceoff Wins : 35 - Blocked Shots : 11 - Penalty Minutes : 10
Official
Referees : Ciamaga Chris and Fraser Kerry
Linesman : Pierre Racicot and Lyle Seitz
Game Notes
Danny DeKeiser is injured at 11:35 of 2nd period (Right Knee)
Finance
Level 1 -- Attendance: 1355 (67,75%) -- Ticket Income 37 940 $
Level 2 -- Attendance: 680 (68,00%) -- Ticket Income 6 800 $
Total Attendance: 2035 (67,83%)
Total Ticket Income: 44 740 $
Other Income: 2 237 $
Total Income: 46 977 $
Little Stars
5 vs 5 Forward
Center Left Wing Right Wing Time % Phy DF OF
1 Dana Tyrell Sean Avery Hugh Jessiman 40 1 2 2
2 Andrej Nestrasil Marcus Johansson Tyler Randell 30 1 2 2
3 T.J. Tynan Jesse Joensuu Tom Kuhnhackl 20 1 2 2
4 Oscar Lindberg Robert Klinkhammer Ty Rattie 10 1 2 2
5 vs 5 Defense
Defense Defense Time % Phy DF OF
1 Raphael Diaz Niklas Hjalmarsson 40 1 2 2
2 Jared Spurgeon Danny DeKeiser 30 1 2 2
3 Justin Faulk Petter Granberg 20 1 2 2
4 Conor Allen Tyler Wotherspoon 10 1 2 2
PowerPlay Forward
Center Left Wing Right Wing Time % Phy DF OF
1 Dana Tyrell Sean Avery Hugh Jessiman 60 1 2 2
2 Andrej Nestrasil Marcus Johansson Tyler Randell 40 1 2 2
PowerPlay Defense
Defense Defense Time % Phy DF OF
1 Raphael Diaz Niklas Hjalmarsson 60 1 2 2
2 Jared Spurgeon Danny DeKeiser 40 1 2 2
Penalty Kill 4 Players Forward
Center Wing Time % Phy DF OF
1 Sean Avery Marcus Johansson 60 1 2 2
2 Hugh Jessiman Jesse Joensuu 40 1 2 2
Penalty Kill 4 Players Defense
Defense Defense Time % Phy DF OF
1 Raphael Diaz Niklas Hjalmarsson 60 1 2 2
2 Jared Spurgeon Danny DeKeiser 40 1 2 2
Penalty Kill - 3 Players Forward
Forward Time % Phy DF OF
1 Sean Avery 60 1 2 2
2 Marcus Johansson 40 1 2 2
Penalty Kill - 3 Players Defense
Defense Defense Time % Phy DF OF
1 Raphael Diaz Niklas Hjalmarsson 60 1 2 2
2 Jared Spurgeon Danny DeKeiser 40 1 2 2
4 vs 4 Forward
Center Wing Time % Phy DF OF
1 Sean Avery Marcus Johansson 60 1 2 2
2 Hugh Jessiman Jesse Joensuu 40 1 2 2
4 vs 4 Defense
Defense Defense Time % Phy DF OF
1 Raphael Diaz Niklas Hjalmarsson 60 1 2 2
2 Jared Spurgeon Danny DeKeiser 40 1 2 2
Last Minutes Offensive
Center Left Wing Right Wing Defense Defense
Dana Tyrell Sean Avery Hugh Jessiman Raphael Diaz Niklas Hjalmarsson
Last Minutes Defensive
Center Left Wing Right Wing Defense Defense
Dana Tyrell Sean Avery Hugh Jessiman Raphael Diaz Niklas Hjalmarsson
Goaltenders
Starting : Peter Budaj
Backup : Ben Scrivens
Extra Forwards
Normal : Alexander Vasyunov, Jonathan Huberdeau, Michael Mersch - PP : Alexander Vasyunov, Jonathan Huberdeau - PK : Michael Mersch
Extra Defensemen
Normal : Scott Harrington, Justin Faulk, Petter Granberg - PP : Scott Harrington - PK : Justin Faulk, Petter Granberg
Penalty Shots
Sean Avery, Marcus Johansson, Hugh Jessiman, Jesse Joensuu, Dana Tyrell
Senators
5 vs 5 Forward
Center Left Wing Right Wing Time % Phy DF OF
1 Cody Hodgson Sergei Kostitsyn Stanislav Chistov 40 1 2 2
2 Josh Hennessy Jaden Schwartz Jack Skille 30 1 2 2
3 Nick Bjugstad Gabriel Bourque Matt Frattin 20 1 2 2
4 Mark Olver Andy Hilbert Marc-André Bernier 10 1 2 2
5 vs 5 Defense
Defense Defense Time % Phy DF OF
1 Logan Stephenson Milan Jurcina 40 1 2 2
2 Arturs Kulda Shane Sims 30 1 2 2
3 Patrick Wey Martin Marincin 20 1 2 2
4 Logan Stephenson Milan Jurcina 10 1 2 2
PowerPlay Forward
Center Left Wing Right Wing Time % Phy DF OF
1 Cody Hodgson Sergei Kostitsyn Stanislav Chistov 60 0 2 3
2 Josh Hennessy Andy Hilbert Jack Skille 40 0 2 3
PowerPlay Defense
Defense Defense Time % Phy DF OF
1 Logan Stephenson Milan Jurcina 60 1 2 2
2 Arturs Kulda Shane Sims 40 1 2 2
Penalty Kill 4 Players Forward
Center Wing Time % Phy DF OF
1 Sergei Kostitsyn Andy Hilbert 60 1 2 2
2 Cody Hodgson Stanislav Chistov 40 1 2 2
Penalty Kill 4 Players Defense
Defense Defense Time % Phy DF OF
1 Logan Stephenson Milan Jurcina 60 1 2 2
2 Arturs Kulda Shane Sims 40 1 2 2
Penalty Kill - 3 Players Forward
Forward Time % Phy DF OF
1 Sergei Kostitsyn 60 1 2 2
2 Andy Hilbert 40 1 2 2
Penalty Kill - 3 Players Defense
Defense Defense Time % Phy DF OF
1 Logan Stephenson Milan Jurcina 60 1 2 2
2 Arturs Kulda Shane Sims 40 1 2 2
4 vs 4 Forward
Center Wing Time % Phy DF OF
1 Sergei Kostitsyn Andy Hilbert 60 1 2 2
2 Cody Hodgson Stanislav Chistov 40 1 2 2
4 vs 4 Defense
Defense Defense Time % Phy DF OF
1 Logan Stephenson Milan Jurcina 60 1 2 2
2 Arturs Kulda Shane Sims 40 1 2 2
Last Minutes Offensive
Center Left Wing Right Wing Defense Defense
Cody Hodgson Sergei Kostitsyn Stanislav Chistov Logan Stephenson Milan Jurcina
Last Minutes Defensive
Center Left Wing Right Wing Defense Defense
Cody Hodgson Sergei Kostitsyn Stanislav Chistov Logan Stephenson Milan Jurcina
Goaltenders
Starting : Marc Denis
Backup : Jeff Frazee
Extra Forwards
Normal : Jaden Schwartz, Gabriel Bourque, Mark Olver - PP : Jaden Schwartz, Gabriel Bourque - PK : Mark Olver
Extra Defensemen
Normal : Patrick Wey, Martin Marincin, Arturs Kulda - PP : Patrick Wey - PK : Martin Marincin, Arturs Kulda
Penalty Shots
Sergei Kostitsyn, Andy Hilbert, Cody Hodgson, Stanislav Chistov, Josh Hennessy
% Time on Ice - Little Stars
Lines # - Real PCT - Wanted PCT - Time Play
Normal Forward
1 - 35% - 40% - 15:14
2 - 24% - 30% - 10:34
3 - 26% - 20% - 11:16
4 - 15% - 10% - 6:27
Normal Defense
1 - 37% - 40% - 16:11
2 - 27% - 30% - 11:57
3 - 21% - 20% - 9:10
4 - 14% - 10% - 6:13
PP Forward
1 - 55% - 60% - 4:43
2 - 45% - 40% - 3:50
PP Defense
1 - 61% - 60% - 5:14
2 - 39% - 40% - 3:19
PK Forward
1 - 79% - 60% - 6:16
2 - 21% - 40% - 1:40
PK Defense
1 - 54% - 60% - 4:15
2 - 46% - 40% - 3:41
PK3 Forward
1 - 0% - 60%
2 - 0% - 40%
PK3 Defense
1 - 0% - 60%
2 - 0% - 40%
44 Forward
1 - 0% - 60%
2 - 0% - 40%
44 Defense
1 - 0% - 60%
2 - 0% - 40%
Last Minute Offensive - 0:00
Last Minute Defensive - 0:00
Total
Forward - 60:00
Defense - 60:00
|
% Time on Ice - Senators
Lines # - Real PCT - Wanted PCT - Time Play
Normal Forward
1 - 35% - 40% - 15:11
2 - 25% - 30% - 11:01
3 - 22% - 20% - 9:33
4 - 18% - 10% - 7:46
Normal Defense
1 - 40% - 40% - 17:22
2 - 32% - 30% - 13:50
3 - 24% - 20% - 10:38
4 - 4% - 10% - 1:41
PP Forward
1 - 55% - 60% - 4:22
2 - 45% - 40% - 3:34
PP Defense
1 - 57% - 60% - 4:30
2 - 43% - 40% - 3:26
PK Forward
1 - 69% - 60% - 4:56
2 - 31% - 40% - 2:15
PK Defense
1 - 55% - 60% - 3:59
2 - 45% - 40% - 3:12
PK3 Forward
1 - 87% - 60% - 1:11
2 - 13% - 40% - 0:11
PK3 Defense
1 - 62% - 60% - 0:51
2 - 38% - 40% - 0:31
44 Forward
1 - 0% - 60%
2 - 0% - 40%
44 Defense
1 - 0% - 60%
2 - 0% - 40%
Last Minute Offensive - 0:00
Last Minute Defensive - 0:00
Total
Forward - 60:00
Defense - 60:00
|
Play by Play
1st period
0:01 of 1st period - Cody Hodgson wins face-off versus Hugh Jessiman in neutral zone.
0:16 of 1st period - Snap shot by Sean Avery.
0:16 of 1st period - Shot Misses the Net.
1:07 of 1st period - Snap shot by Robert Klinkhammer.
1:07 of 1st period - Stopped by Marc Denis with a rebound.
1:39 of 1st period - Stanislav Chistov is hit by Hugh Jessiman and loses puck.
1:54 of 1st period - Petter Granberg is hit by Josh Hennessy and loses puck.
2:18 of 1st period - Slapshot by Gabriel Bourque.
2:18 of 1st period - Deflect By Matt Frattin.
2:18 of 1st period - Stopped by Peter Budaj with a rebound.
2:20 of 1st period - Slapshot by Shane Sims.
2:20 of 1st period - Deflect By Niklas Hjalmarsson.
2:20 of 1st period - Stopped by Peter Budaj with a rebound.
2:48 of 1st period - Icing by Niklas Hjalmarsson.
2:49 of 1st period - Cody Hodgson wins face-off versus Oscar Lindberg in Little Stars zone.
2:50 of 1st period - Snap shot by Stanislav Chistov.
2:50 of 1st period - Stopped by Peter Budaj with a rebound.
2:58 of 1st period - Wrist shot by Sergei Kostitsyn.
2:58 of 1st period - Shot Blocked by Robert Klinkhammer.
3:00 of 1st period - Snap shot by Stanislav Chistov.
3:00 of 1st period - Shot Misses the Net.
3:02 of 1st period - Slapshot by Milan Jurcina.
3:02 of 1st period - Deflect By Sergei Kostitsyn.
3:02 of 1st period - Stopped by Peter Budaj without a rebound.
3:03 of 1st period - Josh Hennessy wins face-off versus Dana Tyrell in Little Stars zone.
3:36 of 1st period - Snap shot by Sergei Kostitsyn.
3:36 of 1st period - Stopped by Peter Budaj with a rebound.
3:40 of 1st period - Snap shot by Cody Hodgson.
3:40 of 1st period - Shot Misses the Net.
4:00 of 1st period - Slapshot by Gabriel Bourque.
4:00 of 1st period - Stopped by Peter Budaj with a rebound.
4:10 of 1st period - Jesse Joensuu is hit by Josh Hennessy and loses puck.
4:21 of 1st period - Slapshot by Raphael Diaz.
4:21 of 1st period - Stopped by Marc Denis with a rebound.
4:23 of 1st period - Slapshot by Raphael Diaz.
4:23 of 1st period - Deflect By Jesse Joensuu.
4:23 of 1st period - Stopped by Marc Denis with a rebound.
4:25 of 1st period - Slapshot by Raphael Diaz.
4:25 of 1st period - Shot Misses the Net.
4:27 of 1st period - Wrist shot by Jesse Joensuu.
4:27 of 1st period - Stopped by Marc Denis without a rebound.
4:28 of 1st period - Cody Hodgson wins face-off versus Dana Tyrell in Senators zone.
5:21 of 1st period - Off-side.
5:22 of 1st period - Dana Tyrell wins face-off versus Cody Hodgson in neutral zone.
5:25 of 1st period - Cody Hodgson is hit by Sean Avery and loses puck.
5:57 of 1st period - Tyler Randell is hit by Jack Skille and loses puck.
6:16 of 1st period - Slapshot by Matt Frattin.
6:16 of 1st period - Stopped by Peter Budaj with a rebound.
6:18 of 1st period - Slapshot by Milan Jurcina.
6:18 of 1st period - Stopped by Peter Budaj with a rebound.
7:18 of 1st period - Snap shot by Marcus Johansson.
7:18 of 1st period - Shot Misses the Net.
7:20 of 1st period - Slapshot by Justin Faulk.
7:20 of 1st period - Shot Blocked by Jack Skille.
8:16 of 1st period - Wrist shot by Tom Kuhnhackl.
8:16 of 1st period - Stopped by Marc Denis with a rebound.
8:18 of 1st period - Wrist shot by Tom Kuhnhackl.
8:18 of 1st period - Shot Blocked by Patrick Wey.
8:20 of 1st period - Wrist shot by Tom Kuhnhackl.
8:20 of 1st period - Stopped by Marc Denis without a rebound.
8:21 of 1st period - Dana Tyrell wins face-off versus Cody Hodgson in Senators zone.
8:46 of 1st period - Logan Stephenson is hit by Niklas Hjalmarsson and loses puck.
8:55 of 1st period - Gabriel Bourque is hit by Marcus Johansson and loses puck.
9:30 of 1st period - Snap shot by Cody Hodgson.
9:30 of 1st period - Shot Misses the Net.
9:32 of 1st period - Slapshot by Shane Sims.
9:32 of 1st period - Deflect By Dana Tyrell.
9:32 of 1st period - Stopped by Peter Budaj with a rebound.
9:36 of 1st period - Slapshot by Stanislav Chistov.
9:36 of 1st period - Stopped by Peter Budaj with a rebound.
9:48 of 1st period - Wrist shot by Marcus Johansson.
9:48 of 1st period - Stopped by Marc Denis with a rebound.
10:02 of 1st period - Slapshot by Jesse Joensuu.
10:02 of 1st period - Shot Blocked by Milan Jurcina.
10:10 of 1st period - Snap shot by Jesse Joensuu.
10:10 of 1st period - Stopped by Marc Denis without a rebound.
10:11 of 1st period - Stanislav Chistov wins face-off versus Dana Tyrell in Senators zone.
10:22 of 1st period - Slapshot by Cody Hodgson.
10:22 of 1st period - Stopped by Peter Budaj with a rebound.
10:29 of 1st period - Icing by Danny DeKeiser.
10:30 of 1st period - Josh Hennessy wins face-off versus Dana Tyrell in Little Stars zone.
10:45 of 1st period - Wrist shot by Jack Skille.
10:45 of 1st period - Shot Misses the Net.
10:55 of 1st period - Hugh Jessiman is hit by Nick Bjugstad and loses puck.
11:24 of 1st period - Andrej Nestrasil is hit by Sergei Kostitsyn and loses puck.
12:07 of 1st period - Slapshot by Matt Frattin.
12:07 of 1st period - Shot Misses the Net.
12:11 of 1st period - Slapshot by Gabriel Bourque.
12:11 of 1st period - Stopped by Peter Budaj with a rebound.
12:13 of 1st period - Snap shot by Matt Frattin.
12:13 of 1st period - Shot Misses the Net.
12:15 of 1st period - Wrist shot by Gabriel Bourque.
12:15 of 1st period - Deflect By Matt Frattin.
12:15 of 1st period - Shot Blocked by Jared Spurgeon.
12:15 of 1st period - Puck is out of play.
12:16 of 1st period - Cody Hodgson wins face-off versus Andrej Nestrasil in Little Stars zone.
12:27 of 1st period - Wrist shot by Cody Hodgson.
12:27 of 1st period - Stopped by Peter Budaj with a rebound.
12:41 of 1st period - Jack Skille is hit by Raphael Diaz and loses puck.
13:22 of 1st period - Off-side.
13:23 of 1st period - T.J. Tynan wins face-off versus Cody Hodgson in neutral zone.
13:30 of 1st period - Snap shot by Jesse Joensuu.
13:30 of 1st period - Shot Misses the Net.
13:32 of 1st period - Slapshot by Conor Allen.
13:32 of 1st period - Deflect By Jesse Joensuu.
13:32 of 1st period - Stopped by Marc Denis without a rebound.
13:33 of 1st period - Cody Hodgson wins face-off versus Dana Tyrell in Senators zone.
13:33 of 1st period - Cody Hodgson is hit by Dana Tyrell.
14:23 of 1st period - Minor Penalty to Jaden Schwartz for Roughing.
14:24 of 1st period - Sergei Kostitsyn wins face-off versus Dana Tyrell in Senators zone.
14:24 of 1st period - Sergei Kostitsyn is hit by Sean Avery.
14:44 of 1st period - Andy Hilbert is hit by Sean Avery.
16:23 of 1st period - Penalty to Jaden Schwartz is over, Jaden Schwartz is back on ice.
16:23 of 1st period - Icing by Sergei Kostitsyn.
16:24 of 1st period - Andrej Nestrasil wins face-off versus Sergei Kostitsyn in Senators zone.
17:09 of 1st period - Minor Penalty to Tom Kuhnhackl for Tripping.
17:10 of 1st period - Sean Avery wins face-off versus Josh Hennessy in Little Stars zone.
18:00 of 1st period - Danny DeKeiser is hit by Logan Stephenson.
19:09 of 1st period - Penalty to Tom Kuhnhackl is over, Tom Kuhnhackl is back on ice.
19:16 of 1st period - Snap shot by Robert Klinkhammer.
19:16 of 1st period - Stopped by Marc Denis with a rebound.
19:31 of 1st period - Icing by Gabriel Bourque.
19:32 of 1st period - T.J. Tynan wins face-off versus Mark Olver in Senators zone.
19:55 of 1st period - Tyler Randell is hit by Patrick Wey and loses puck.
Goals for this period are 0 for Little Stars vs 0 for Senators.
Shots for this period are 10 for Little Stars vs 13 for Senators.
2nd period
0:01 of 2nd period - Dana Tyrell wins face-off versus Cody Hodgson in neutral zone.
0:16 of 2nd period - Snap shot by Stanislav Chistov.
0:16 of 2nd period - Shot Misses the Net.
0:26 of 2nd period - Logan Stephenson is hit by Marcus Johansson and loses puck.
0:47 of 2nd period - Snap shot by Nick Bjugstad.
0:47 of 2nd period - Stopped by Peter Budaj with a rebound.
0:49 of 2nd period - Slapshot by Nick Bjugstad.
0:49 of 2nd period - Stopped by Peter Budaj with a rebound.
0:51 of 2nd period - Wrist shot by Arturs Kulda.
0:51 of 2nd period - Shot Misses the Net.
0:53 of 2nd period - Slapshot by Matt Frattin.
0:53 of 2nd period - Shot Misses the Net.
0:55 of 2nd period - Wrist shot by Gabriel Bourque.
0:55 of 2nd period - Deflect By Nick Bjugstad.
0:55 of 2nd period - Shot Blocked by Niklas Hjalmarsson.
0:55 of 2nd period - Puck is out of play.
0:56 of 2nd period - Dana Tyrell wins face-off versus Cody Hodgson in Little Stars zone.
2:24 of 2nd period - Wrist shot by Sean Avery.
2:24 of 2nd period - Stopped by Marc Denis with a rebound.
2:26 of 2nd period - Snap shot by Raphael Diaz.
2:26 of 2nd period - Shot Blocked by Milan Jurcina.
2:42 of 2nd period - Snap shot by Tyler Randell.
2:42 of 2nd period - Stopped by Marc Denis without a rebound.
2:43 of 2nd period - Andrej Nestrasil wins face-off versus Josh Hennessy in Senators zone.
2:54 of 2nd period - Slapshot by Josh Hennessy.
2:54 of 2nd period - Shot Misses the Net.
3:10 of 2nd period - Arturs Kulda is hit by Dana Tyrell and loses puck.
3:18 of 2nd period - Minor Penalty to Matt Frattin for Holding.
3:19 of 2nd period - Dana Tyrell wins face-off versus Sergei Kostitsyn in Senators zone.
3:51 of 2nd period - Slapshot by Raphael Diaz.
3:51 of 2nd period - Deflect By Stanislav Chistov.
3:51 of 2nd period - Stopped by Marc Denis without a rebound.
3:52 of 2nd period - Dana Tyrell wins face-off versus Cody Hodgson in Senators zone.
5:18 of 2nd period - Penalty to Matt Frattin is over, Matt Frattin is back on ice.
5:56 of 2nd period - Snap shot by Nick Bjugstad.
5:56 of 2nd period - Stopped by Peter Budaj without a rebound.
5:57 of 2nd period - Cody Hodgson wins face-off versus Andrej Nestrasil in Little Stars zone.
6:47 of 2nd period - Danny DeKeiser is hit by Andy Hilbert and loses puck.
7:35 of 2nd period - Snap shot by Arturs Kulda.
7:35 of 2nd period - Shot Blocked by Hugh Jessiman.
7:37 of 2nd period - Snap shot by Mark Olver.
7:37 of 2nd period - Shot Hit the Post.
7:39 of 2nd period - Slapshot by Arturs Kulda.
7:39 of 2nd period - Shot Misses the Net.
8:15 of 2nd period - Snap shot by Andy Hilbert.
8:15 of 2nd period - Shot Misses the Net.
8:17 of 2nd period - Wrist shot by Andy Hilbert.
8:17 of 2nd period - Shot Misses the Net.
8:45 of 2nd period - Marc-André Bernier is hit by Tyler Wotherspoon and loses puck.
9:12 of 2nd period - Snap shot by Mark Olver.
9:12 of 2nd period - Stopped by Peter Budaj with a rebound.
9:14 of 2nd period - Slapshot by Arturs Kulda.
9:14 of 2nd period - Shot Misses the Net.
9:16 of 2nd period - Wrist shot by Andy Hilbert.
9:16 of 2nd period - Goal by Andy Hilbert - Little Stars : 0 - Senators : 1.
9:17 of 2nd period - Cody Hodgson wins face-off versus Dana Tyrell in neutral zone.
9:29 of 2nd period - Off-side.
9:30 of 2nd period - Cody Hodgson wins face-off versus Dana Tyrell in neutral zone.
9:35 of 2nd period - Snap shot by Sergei Kostitsyn.
9:35 of 2nd period - Stopped by Peter Budaj with a rebound.
9:37 of 2nd period - Wrist shot by Stanislav Chistov.
9:37 of 2nd period - Shot Misses the Net.
9:39 of 2nd period - Snap shot by Sergei Kostitsyn.
9:39 of 2nd period - Shot Misses the Net.
9:41 of 2nd period - Wrist shot by Sergei Kostitsyn.
9:41 of 2nd period - Stopped by Peter Budaj without a rebound.
9:42 of 2nd period - Cody Hodgson wins face-off versus Dana Tyrell in Little Stars zone.
10:34 of 2nd period - Jared Spurgeon is hit by Martin Marincin and loses puck.
11:02 of 2nd period - Jaden Schwartz is hit by Petter Granberg and loses puck.
11:22 of 2nd period - Icing by Milan Jurcina.
11:23 of 2nd period - Cody Hodgson wins face-off versus Dana Tyrell in Senators zone.
11:23 of 2nd period - Cody Hodgson is hit by Dana Tyrell.
11:33 of 2nd period - Snap shot by Sergei Kostitsyn.
11:33 of 2nd period - Shot Misses the Net.
11:35 of 2nd period - Snap shot by Stanislav Chistov.
11:35 of 2nd period - Shot Blocked by Danny DeKeiser.
11:35 of 2nd period - Danny DeKeiser from Little Stars is injured at 11:35 of 2nd period (Right Knee).
11:36 of 2nd period - Cody Hodgson wins face-off versus Dana Tyrell in Little Stars zone.
11:55 of 2nd period - Dana Tyrell is hit by Stanislav Chistov and loses puck.
12:22 of 2nd period - Icing by Tyler Randell.
12:23 of 2nd period - Nick Bjugstad wins face-off versus Oscar Lindberg in Little Stars zone.
12:26 of 2nd period - Slapshot by Gabriel Bourque.
12:26 of 2nd period - Shot Blocked by Niklas Hjalmarsson.
12:48 of 2nd period - Off-side.
12:49 of 2nd period - Cody Hodgson wins face-off versus Dana Tyrell in neutral zone.
12:57 of 2nd period - Snap shot by Cody Hodgson.
12:57 of 2nd period - Deflect By Stanislav Chistov.
12:57 of 2nd period - Stopped by Peter Budaj with a rebound.
12:59 of 2nd period - Snap shot by Sergei Kostitsyn.
12:59 of 2nd period - Shot Misses the Net.
13:01 of 2nd period - Slapshot by Logan Stephenson.
13:01 of 2nd period - Stopped by Peter Budaj with a rebound.
13:29 of 2nd period - Off-side.
13:30 of 2nd period - Cody Hodgson wins face-off versus Andrej Nestrasil in neutral zone.
13:33 of 2nd period - Andrej Nestrasil is hit by Stanislav Chistov.
13:39 of 2nd period - Stanislav Chistov is hit by Marcus Johansson and loses puck.
14:04 of 2nd period - Snap shot by Jaden Schwartz.
14:04 of 2nd period - Shot Misses the Net.
14:06 of 2nd period - Snap shot by Jack Skille.
14:06 of 2nd period - Stopped by Peter Budaj without a rebound.
14:07 of 2nd period - Dana Tyrell wins face-off versus Cody Hodgson in Little Stars zone.
14:16 of 2nd period - Snap shot by Hugh Jessiman.
14:16 of 2nd period - Stopped by Marc Denis without a rebound.
14:17 of 2nd period - Dana Tyrell wins face-off versus Cody Hodgson in Senators zone.
14:18 of 2nd period - Wrist shot by Hugh Jessiman.
14:18 of 2nd period - Stopped by Marc Denis with a rebound.
14:20 of 2nd period - Slapshot by Jared Spurgeon.
14:20 of 2nd period - Stopped by Marc Denis with a rebound.
14:41 of 2nd period - Wrist shot by Sergei Kostitsyn.
14:41 of 2nd period - Goal by Sergei Kostitsyn - Little Stars : 0 - Senators : 2.
14:42 of 2nd period - Cody Hodgson wins face-off versus Dana Tyrell in neutral zone.
14:52 of 2nd period - Minor Penalty to Stanislav Chistov for Goalie Interference.
14:53 of 2nd period - Sergei Kostitsyn wins face-off versus Dana Tyrell in Senators zone.
15:01 of 2nd period - Milan Jurcina is hit by Raphael Diaz and loses puck.
15:22 of 2nd period - Slapshot by Niklas Hjalmarsson.
15:22 of 2nd period - Stopped by Marc Denis without a rebound.
15:23 of 2nd period - Dana Tyrell wins face-off versus Cody Hodgson in Senators zone.
15:26 of 2nd period - Backhand shot by Dana Tyrell.
15:26 of 2nd period - Stopped by Marc Denis without a rebound.
15:27 of 2nd period - Cody Hodgson wins face-off versus Dana Tyrell in Senators zone.
15:29 of 2nd period - Minor Penalty to Mark Olver for Holding.
15:30 of 2nd period - Sergei Kostitsyn wins face-off versus Dana Tyrell in Senators zone.
15:40 of 2nd period - Snap shot by Raphael Diaz.
15:40 of 2nd period - Stopped by Marc Denis with a rebound.
16:02 of 2nd period - Snap shot by Raphael Diaz.
16:02 of 2nd period - Deflect By Marcus Johansson.
16:02 of 2nd period - Deflect By Logan Stephenson.
16:02 of 2nd period - Shot Misses the Net.
16:02 of 2nd period - Puck is out of play.
16:03 of 2nd period - Sergei Kostitsyn wins face-off versus Marcus Johansson in Senators zone.
16:52 of 2nd period - Penalty to Stanislav Chistov is over, Stanislav Chistov is back on ice.
17:29 of 2nd period - Penalty to Mark Olver is over, Mark Olver is back on ice.
17:41 of 2nd period - Off-side.
17:42 of 2nd period - Jesse Joensuu wins face-off versus Josh Hennessy in neutral zone.
17:57 of 2nd period - Snap shot by Jesse Joensuu.
17:57 of 2nd period - Stopped by Marc Denis without a rebound.
17:58 of 2nd period - Cody Hodgson wins face-off versus Dana Tyrell in Senators zone.
18:23 of 2nd period - Petter Granberg is hit by Jack Skille and loses puck.
18:28 of 2nd period - Snap shot by Jaden Schwartz.
18:28 of 2nd period - Shot Blocked by Marcus Johansson.
18:30 of 2nd period - Slapshot by Milan Jurcina.
18:30 of 2nd period - Shot Blocked by Marcus Johansson.
18:32 of 2nd period - Snap shot by Josh Hennessy.
18:32 of 2nd period - Shot Misses the Net.
18:34 of 2nd period - Wrist shot by Jack Skille.
18:34 of 2nd period - Shot Hit the Post.
19:05 of 2nd period - Slapshot by Raphael Diaz.
19:05 of 2nd period - Stopped by Marc Denis with a rebound.
19:07 of 2nd period - Snap shot by Raphael Diaz.
19:07 of 2nd period - Shot Blocked by Andy Hilbert.
19:25 of 2nd period - Off-side.
19:26 of 2nd period - T.J. Tynan wins face-off versus Cody Hodgson in neutral zone.
19:41 of 2nd period - Snap shot by Jesse Joensuu.
19:41 of 2nd period - Shot Misses the Net.
Goals for this period are 0 for Little Stars vs 2 for Senators.
Shots for this period are 11 for Little Stars vs 11 for Senators.
3rd period
0:01 of 3rd period - Cody Hodgson wins face-off versus Dana Tyrell in neutral zone.
0:04 of 3rd period - Slapshot by Milan Jurcina.
0:04 of 3rd period - Stopped by Peter Budaj with a rebound.
0:12 of 3rd period - Wrist shot by Hugh Jessiman.
0:12 of 3rd period - Stopped by Marc Denis without a rebound.
0:13 of 3rd period - Andrej Nestrasil wins face-off versus Cody Hodgson in Senators zone.
0:17 of 3rd period - Minor Penalty to Stanislav Chistov for Roughing.
0:18 of 3rd period - Sergei Kostitsyn wins face-off versus Hugh Jessiman in Senators zone.
0:18 of 3rd period - Sergei Kostitsyn is hit by Dana Tyrell.
2:17 of 3rd period - Penalty to Stanislav Chistov is over, Stanislav Chistov is back on ice.
2:23 of 3rd period - Slapshot by Milan Jurcina.
2:23 of 3rd period - Stopped by Peter Budaj with a rebound.
2:34 of 3rd period - Snap shot by Sergei Kostitsyn.
2:34 of 3rd period - Stopped by Peter Budaj without a rebound.
2:35 of 3rd period - Josh Hennessy wins face-off versus Oscar Lindberg in Little Stars zone.
2:36 of 3rd period - Slapshot by Jaden Schwartz.
2:36 of 3rd period - Goal by Jaden Schwartz - Little Stars : 0 - Senators : 3.
2:37 of 3rd period - Josh Hennessy wins face-off versus Dana Tyrell in neutral zone.
2:49 of 3rd period - Snap shot by Jaden Schwartz.
2:49 of 3rd period - Goal by Jaden Schwartz - Little Stars : 0 - Senators : 4.
2:50 of 3rd period - Cody Hodgson wins face-off versus Dana Tyrell in neutral zone.
2:56 of 3rd period - Minor Penalty to Sean Avery for Hooking.
2:57 of 3rd period - Cody Hodgson wins face-off versus Michael Mersch in Little Stars zone.
3:27 of 3rd period - Josh Hennessy is hit by Jared Spurgeon and loses puck.
4:56 of 3rd period - Penalty to Sean Avery is over, Sean Avery is back on ice.
5:45 of 3rd period - Arturs Kulda is hit by Jesse Joensuu and loses puck.
6:30 of 3rd period - Icing by Raphael Diaz.
6:31 of 3rd period - Andrej Nestrasil wins face-off versus Cody Hodgson in Little Stars zone.
6:40 of 3rd period - Slapshot by Sean Avery.
6:40 of 3rd period - Shot Misses the Net.
6:42 of 3rd period - Slapshot by Niklas Hjalmarsson.
6:42 of 3rd period - Shot Blocked by Stanislav Chistov.
6:44 of 3rd period - Slapshot by Dana Tyrell.
6:44 of 3rd period - Shot Blocked by Sergei Kostitsyn.
7:15 of 3rd period - Snap shot by Gabriel Bourque.
7:15 of 3rd period - Stopped by Peter Budaj with a rebound.
7:17 of 3rd period - Snap shot by Gabriel Bourque.
7:17 of 3rd period - Shot Blocked by Jared Spurgeon.
7:19 of 3rd period - Slapshot by Patrick Wey.
7:19 of 3rd period - Shot Blocked by Jared Spurgeon.
7:21 of 3rd period - Snap shot by Martin Marincin.
7:21 of 3rd period - Shot Blocked by Tyler Randell.
7:41 of 3rd period - Snap shot by T.J. Tynan.
7:41 of 3rd period - Shot Misses the Net.
7:43 of 3rd period - Slapshot by Jared Spurgeon.
7:43 of 3rd period - Stopped by Marc Denis with a rebound.
8:07 of 3rd period - Wrist shot by Dana Tyrell.
8:07 of 3rd period - Shot Misses the Net.
8:09 of 3rd period - Snap shot by Sean Avery.
8:09 of 3rd period - Goal by Sean Avery - Little Stars : 1 - Senators : 4.
8:10 of 3rd period - Cody Hodgson wins face-off versus Sean Avery in neutral zone.
8:13 of 3rd period - Hugh Jessiman is hit by Sergei Kostitsyn and loses puck.
8:22 of 3rd period - Slapshot by Raphael Diaz.
8:22 of 3rd period - Deflect By Dana Tyrell.
8:22 of 3rd period - Shot Blocked by Milan Jurcina.
8:22 of 3rd period - Puck is out of play.
8:23 of 3rd period - Cody Hodgson wins face-off versus Andrej Nestrasil in Senators zone.
8:48 of 3rd period - Snap shot by Gabriel Bourque.
8:48 of 3rd period - Shot Blocked by Raphael Diaz.
9:00 of 3rd period - Snap shot by Raphael Diaz.
9:00 of 3rd period - Shot Blocked by Arturs Kulda.
9:02 of 3rd period - Slapshot by Raphael Diaz.
9:02 of 3rd period - Stopped by Marc Denis with a rebound.
9:04 of 3rd period - Slapshot by Marcus Johansson.
9:04 of 3rd period - Stopped by Marc Denis without a rebound.
9:05 of 3rd period - Dana Tyrell wins face-off versus Cody Hodgson in Senators zone.
9:15 of 3rd period - Minor Penalty to Scott Harrington for Holding.
9:16 of 3rd period - Sean Avery wins face-off versus Cody Hodgson in Little Stars zone.
9:31 of 3rd period - Wrist shot by Cody Hodgson.
9:31 of 3rd period - Stopped by Peter Budaj without a rebound.
9:32 of 3rd period - Sean Avery wins face-off versus Cody Hodgson in Little Stars zone.
10:09 of 3rd period - Snap shot by Jesse Joensuu.
10:09 of 3rd period - Shot Misses the Net.
10:41 of 3rd period - Josh Hennessy is hit by Jesse Joensuu and loses puck.
10:58 of 3rd period - Milan Jurcina is hit by Jared Spurgeon and loses puck.
11:15 of 3rd period - Penalty to Scott Harrington is over, Scott Harrington is back on ice.
11:22 of 3rd period - Nick Bjugstad is hit by Oscar Lindberg and loses puck.
11:44 of 3rd period - Wrist shot by Marc-André Bernier.
11:44 of 3rd period - Shot Misses the Net.
12:21 of 3rd period - Martin Marincin is hit by Oscar Lindberg and loses puck.
12:50 of 3rd period - Snap shot by Matt Frattin.
12:50 of 3rd period - Deflect By Gabriel Bourque.
12:50 of 3rd period - Shot Blocked by Jesse Joensuu.
12:50 of 3rd period - Puck is out of play.
12:51 of 3rd period - Nick Bjugstad wins face-off versus Dana Tyrell in Little Stars zone.
12:52 of 3rd period - Wrist shot by Gabriel Bourque.
12:52 of 3rd period - Shot Misses the Net.
12:54 of 3rd period - Wrist shot by Matt Frattin.
12:54 of 3rd period - Deflect By Nick Bjugstad.
12:54 of 3rd period - Stopped by Peter Budaj with a rebound.
12:56 of 3rd period - Wrist shot by Matt Frattin.
12:56 of 3rd period - Stopped by Peter Budaj with a rebound.
12:58 of 3rd period - Wrist shot by Nick Bjugstad.
12:58 of 3rd period - Shot Misses the Net.
13:00 of 3rd period - Slapshot by Logan Stephenson.
13:00 of 3rd period - Stopped by Peter Budaj with a rebound.
13:16 of 3rd period - Sergei Kostitsyn is hit by Tyler Randell and loses puck.
13:59 of 3rd period - Snap shot by Dana Tyrell.
13:59 of 3rd period - Shot Misses the Net.
14:27 of 3rd period - Slapshot by Tom Kuhnhackl.
14:27 of 3rd period - Stopped by Marc Denis without a rebound.
14:28 of 3rd period - Dana Tyrell wins face-off versus Cody Hodgson in Senators zone.
15:41 of 3rd period - Wrist shot by Jared Spurgeon.
15:41 of 3rd period - Stopped by Marc Denis without a rebound.
15:42 of 3rd period - Oscar Lindberg wins face-off versus Cody Hodgson in Senators zone.
15:58 of 3rd period - Minor Penalty to Ty Rattie for Interference.
15:59 of 3rd period - Sean Avery wins face-off versus Cody Hodgson in Little Stars zone.
15:59 of 3rd period - Sean Avery is hit by Milan Jurcina.
16:30 of 3rd period - Slapshot by Logan Stephenson.
16:30 of 3rd period - Deflect By Jesse Joensuu.
16:30 of 3rd period - Stopped by Peter Budaj with a rebound.
17:35 of 3rd period - Stanislav Chistov is hit by Petter Granberg and loses puck.
17:56 of 3rd period - Snap shot by Jaden Schwartz.
17:56 of 3rd period - Deflect By Gabriel Bourque.
17:56 of 3rd period - Shot Misses the Net.
17:56 of 3rd period - Puck is out of play.
17:57 of 3rd period - Jaden Schwartz wins face-off versus Sean Avery in Little Stars zone.
17:58 of 3rd period - Penalty to Ty Rattie is over, Ty Rattie is back on ice.
17:58 of 3rd period - Slapshot by Gabriel Bourque.
17:58 of 3rd period - Shot Misses the Net.
18:00 of 3rd period - Slapshot by Gabriel Bourque.
18:00 of 3rd period - Shot Misses the Net.
18:04 of 3rd period - Wrist shot by Marc-André Bernier.
18:04 of 3rd period - Deflect By Gabriel Bourque.
18:04 of 3rd period - Stopped by Peter Budaj without a rebound.
18:05 of 3rd period - Nick Bjugstad wins face-off versus T.J. Tynan in Little Stars zone.
18:36 of 3rd period - Wrist shot by Jaden Schwartz.
18:36 of 3rd period - Stopped by Peter Budaj with a rebound.
18:38 of 3rd period - Snap shot by Josh Hennessy.
18:38 of 3rd period - Shot Misses the Net.
18:40 of 3rd period - Backhand shot by Jack Skille.
18:40 of 3rd period - Shot Blocked by Niklas Hjalmarsson.
18:42 of 3rd period - Wrist shot by Josh Hennessy.
18:42 of 3rd period - Stopped by Peter Budaj without a rebound.
18:43 of 3rd period - Dana Tyrell wins face-off versus Cody Hodgson in Little Stars zone.
18:43 of 3rd period - Dana Tyrell is hit by Stanislav Chistov.
18:51 of 3rd period - Slapshot by Jared Spurgeon.
18:51 of 3rd period - Shot Blocked by Sergei Kostitsyn.
19:03 of 3rd period - Milan Jurcina is hit by Sean Avery and loses puck.
19:32 of 3rd period - Snap shot by Hugh Jessiman.
19:32 of 3rd period - Stopped by Marc Denis without a rebound.
19:33 of 3rd period - Andrej Nestrasil wins face-off versus Josh Hennessy in Senators zone.
19:48 of 3rd period - Slapshot by Marcus Johansson.
19:48 of 3rd period - Shot Blocked by Shane Sims.
19:58 of 3rd period - Matt Frattin is hit by T.J. Tynan and loses puck.
Goals for this period are 1 for Little Stars vs 2 for Senators.
Shots for this period are 8 for Little Stars vs 14 for Senators.
Back to the Top